 Dungeon Crawl Stone Soup version 0.25-a0-663-gace7076f2c (webtiles) character file.

Game seed: 7919667178296419691, levelgen mode: deterministic

581 Conn the Digger (level 7, -2/42 HPs)
             Began as an Octopode Earth Elementalist on Mar 25, 2020.
             Slain by an orc warrior
             ... wielding a +0 scimitar
              (29 damage)
             ... on level 5 of the Dungeon.
             The game lasted 00:15:13 (5261 turns).

Conn the Digger (Octopode Earth Elementalist)       Turns: 5261, Time: 00:15:14

Health: -2/42      AC:  1    Str:  9    XL:     7   Next: 36%
Magic:  14/14      EV: 13    Int: 18    God:
Gold:   190        SH:  0    Dex: 12    Spells: 6/16 levels left

rFire    . . .     SeeInvis .   m - +2 short sword (speed)
rCold    . . .     Gourm    .   (no shield)
rNeg     . . .     Faith    .   (helmet restricted)
rPois    .         Spirit   .   (no amulet)
rElec    .         Reflect  .   (no ring)
rCorr    .         Harm     .   (no ring)
MR       .....                  (no ring)
Stlth    +++.......             (no ring)
HPRegen  0.14/turn              (no ring)
MPRegen  0.14/turn              (no ring)
                                (no ring)
                                (no ring)

@: no status effects
A: almost no armour, stealthy swim, amphibious, 8 rings, constrict 8, camouflage
1, gelatinous body 1
a: no special abilities


You were on level 5 of the Dungeon.
You were not hungry.

You visited 1 branch of the dungeon, and saw 5 of its levels.

You collected 190 gold pieces.

Inventory:

Hand Weapons
 f - a +0 dagger
 j - a +0 hunting sling
 k - a +0 short sword
 m - a +2 short sword of speed (weapon)
 q - a +0 hunting sling
Missiles
 b - 150 stones (quivered)
 g - a throwing net
Wands
 s - a wand of enslavement (12)
Scrolls
 d - 3 scrolls of identify
 e - 6 scrolls of remove curse
 i - 3 scrolls of random uselessness {unknown}
 n - a scroll of immolation {unknown}
 p - 2 scrolls of fear {unknown}
 r - a scroll of amnesia {unknown}
 u - a scroll of magic mapping {unknown}
 w - a scroll of teleportation {unknown}
Potions
 a - a potion of berserk rage {unknown}
 h - a potion of haste
 l - a potion of resistance {unknown}
 o - a potion of lignification {unknown}
 v - 3 potions of curing {unknown}
Comestibles
 c - 6 rations


   Skills:
 + Level 0.8 Fighting
 + Level 1.0 Short Blades
 + Level 2.1 Dodging
 + Level 3.7 Stealth
 * Level 5.1 Spellcasting
 * Level 2.4 Transmutations
 * Level 5.2 Earth Magic


You had 6 spell levels left.
You knew the following spells:

 Your Spells              Type           Power        Failure   Level  Hunger
a - Sandblast             Erth           ###...       1%          1    None
b - Passwall              Tmut/Erth      ###.....     4%          2    #......
c - Stone Arrow           Conj/Erth      ##....       13%         3    ##.....
d - Petrify               Tmut/Erth      ###.....     26%         4    ####...

Your spell library contained the following spells:

 Spells                   Type           Power        Failure   Level  Hunger
 Lee's Rapid Deconstruct  Erth           ###.......   38%         5    ######.


Dungeon Overview and Level Annotations

Branches:
Dungeon (5/15)
 Temple: D:4-7

Altars:
Cheibriados
Fedhas
Qazlal
Trog


Innate Abilities, Weirdness & Mutations

You cannot wear most types of armour.
You are very stealthy in the water. (Stealth+)
You are amphibious.
You can wear up to eight rings at the same time.
You can use your tentacles to constrict eight enemies at once.
Your skin changes colour to match your surroundings (Stealth+).
Your rubbery body absorbs attacks. (AC +1, EV +1)


Message History

Where to? (Enter - D:5, ? - help)
There is a stone staircase leading up here.
You climb upwards.
There is a stone staircase leading down here.
(D) Dungeon
Where to? (Enter - D:3, ? - help)
You climb downwards.
There is a stone staircase leading up here.
Casting: Petrify (quite dangerous; 26% risk of failure)
Confirm with . or Enter, or press ? or * to list all spells.
Okay, then.
Done exploring.
(D) Dungeon
Where to? (Enter - D:4, ? - help)
There is a stone staircase leading down here.
You climb downwards.
The orc warrior hits you with a +0 scimitar!
The orc warrior hits you with a +0 scimitar!!
Ouch! That really hurt!
You die...

####.....# .# ..........
#.# #....>...# #.#
#[#...... ... #
###.#.....# #.###.#
S......%..## #...#.#
#.#........########.#....
#......o................
#.....@..########..##..
###...#.## #..# #.(.#.#
#..# ##..#.# #####..#
##.#)#####......#
#..†...........##
#..........##.##
.#####....########.#
.......<..# #.#


You could see an orc warrior.

Vanquished Creatures
  An ogre (D:4)
  2 scorpions (D:4)
  A hound (D:5)
  An orc priest (D:3)
  An iguana (D:4)
  An orc wizard (D:3)
  2 worker ants (D:4)
  7 adders
  4 gnolls (D:3)
  2 river rats (D:3)
  An ooze (D:2)
  2 dart slugs
  6 worms
  A leopard gecko (D:1)
  10 orcs
  4 ball pythons
  5 bats
  4 giant cockroaches
  7 goblins
  8 hobgoblins
  7 jackals
  2 quokkas (D:2)
  6 frilled lizards
  6 kobolds
  10 rats
  A plant (D:3)
102 creatures vanquished.

Notes
Turn   | Place    | Note
-------+----------+-------------------------------------------
     0 | D:1      | Conn the Octopode Earth Elementalist began the quest for
                  | the Orb.
     0 | D:1      | Reached XP level 1. HP: 11/11 MP: 3/3
     2 | D:1      | Noticed a naga
     2 | D:1      | Noticed a spriggan
     4 | D:1      | Noticed a ghoul
     4 | D:1      | Noticed a merfolk
     6 | D:1      | Noticed a demigod
     6 | D:1      | Noticed a dwarf
     8 | D:1      | Noticed a minotaur
     8 | D:1      | Noticed a draconian
    10 | D:1      | Noticed a vampire
    10 | D:1      | Noticed a felid
    12 | D:1      | Noticed a demonspawn
    12 | D:1      | Noticed a gargoyle
    14 | D:1      | Noticed a centaur
    16 | D:1      | Noticed a human
    16 | D:1      | Noticed a vine stalker
    18 | D:1      | Noticed a formicid
    18 | D:1      | Noticed an octopode
    20 | D:1      | Noticed a halfling
    20 | D:1      | Noticed an ogre
    22 | D:1      | Noticed an elf
    24 | D:1      | Noticed a tengu
    26 | D:1      | Noticed a troll
    84 | D:1      | Reached XP level 2. HP: 11/17 MP: 1/5
   810 | D:2      | Reached XP level 3. HP: 12/21 MP: 4/7
  1409 | D:2      | Reached XP level 4. HP: 27/27 MP: 5/8
  1435 | D:2      | Learned a level 2 spell: Passwall
  1439 | D:2      | Learned a level 3 spell: Stone Arrow
  1644 | D:2      | Noticed a water elemental
  1654 | D:2      | Found a stormy altar of Qazlal.
  1662 | D:2      | Noticed an earth elemental
  1663 | D:2      | Noticed a fire elemental
  1663 | D:2      | Noticed an air elemental
  2223 | D:3      | Reached XP level 5. HP: 8/31 MP: 10/10
  3033 | D:3      | Reached XP level 6. HP: 21/36 MP: 8/12
  3178 | D:3      | Found a bloodstained altar of Trog.
  3374 | D:4      | Found a snail-covered altar of Cheibriados.
  3374 | D:4      | Found a bloodstained altar of Trog.
  3749 | D:4      | Found a blossoming altar of Fedhas.
  3769 | D:4      | Reached XP level 7. HP: 20/41 MP: 4/14
  3979 | D:4      | Reached skill level 5 in Earth Magic
  4449 | D:5      | Entered Level 5 of the Dungeon
  4461 | D:5      | HP: 2/42 [orc warrior/+0 scimitar (18)]
  4750 | D:4      | Learned a level 4 spell: Petrify
  4854 | D:5      | Reached skill level 5 in Spellcasting
  4881 | D:4      | Reached skill level 1 in Short Blades
  5261 | D:5      | Slain by an orc warrior

Levels and vault maps discovered:
D:1:      kb_arrival_jail, layout_rooms, minmay_misc_feat_four_crosses
D:2:      layout_loops_ring, nicolae_qazlal_style_of_elements
D:3:      minmay_spotlight, layout_rooms, first_ration, serial_bayou,
          serial_bayou_crossing, serial_bayou_pond_d, serial_bayou_lagoon_b,
          serial_bayou_pond_e, serial_bayou_pond_b, serial_bayou_pond_a,
          portal_sewer_entry_e, trog_hazing_becter
D:4:      layout_basic, gammafunk_temple_overflow_statue, lemuel_doored_altar,
          nicolae_overflow_hidden_temple
D:5:      layout_loops_ring

Skill      XL: |  1  2  3  4  5  6  7 |
---------------+----------------------+-----
Stealth        | 3 |  3.7
Earth Magic    | 4 5 |  5.2
Spellcasting   | 3 4 5 |  5.1
Transmutations | 2 |  2.4
Short Blades   | 1 |  1.0
Fighting       | |  0.8
Dodging        | |  2.1

Action                   |  1- 3 |  4- 6 |  7- 9 || total
-------------------------+-------+-------+-------++-------
Melee: Unarmed           |    17 |       |       ||    17
       Constrict         |    11 |    19 |     6 ||    36
       Dagger            |    29 |       |       ||    29
       Tentacles         |     3 |    20 |     1 ||    24
       Short sword       |     1 |    86 |    20 ||   107
 Cast: Sandblast         |    41 |    61 |    17 ||   119
       Stone Arrow       |       |     3 |     6 ||     9
       Passwall          |       |     1 |       ||     1
  Use: Scroll            |     3 |       |       ||     3
 Stab: Sleeping          |     4 |     6 |     1 ||    11
  Eat: Chunk             |     2 |     7 |     3 ||    12
       Ration            |       |       |     1 ||     1
Armor: Skin              |     3 |     6 |     2 ||    11
Dodge: Dodged            |    46 |    42 |    19 ||   107

Table legend:
 A = Non-vault XP
 B = Vault XP
 C = Vault XP percentage of total XP
 D = Non-vault monster count
 E = Vault monster count
 F = Vault count percentage of total count
                 A         B        C        D         E       F
            +---------+---------+-------+---------+---------+-------
      Total |     753 |      77 |   9.3 |      78 |      23 |  22.8
            +---------+---------+-------+---------+---------+-------
        D:1 |      31 |       0 |   0.0 |      16 |       0 |   0.0
        D:2 |     127 |       0 |   0.0 |      33 |       0 |   0.0
        D:3 |     148 |      77 |  34.2 |      12 |      23 |  65.7
        D:4 |     397 |       0 |   0.0 |      13 |       0 |   0.0
        D:5 |      50 |       0 |   0.0 |       4 |       0 |   0.0
            +---------+---------+-------+---------+---------+-------
